 Dungeon Crawl Stone Soup version 0.30-a0-757-ga6a79fd877 (webtiles) character file.

Game seed: 9419160774091117516

2149 Caestello the Stinger (level 9, -2/61 (64) HPs)
             Began as a Formicid Venom Mage on Feb 10, 2023.
             Slain by Crazy Yiuf
             ... wielding a +3 quarterstaff of chaos
              (11 damage)
             ... on level 6 of the Dungeon.
             The game lasted 00:14:47 (6211 turns).

Caestello the Stinger (Formicid Venom Mage)         Turns: 6211, Time: 00:14:47

HP:   -2/61 (64)    AC:  6    Str: 16    XL:     9   Next: 56%
MP:   17/17         EV: 13    Int: 16    God:
Gold: 318           SH:  0    Dex: 14    Spells: 7/19 levels left

rFire   . . .      SeeInvis +    b - +0 whip (elec)
rCold   + . .      Faith    .    (no shield)
rNeg    . . .      Spirit   .    x - +1 robe {rC+}
rPois   .          Reflect  .    (helmet unavailable)
rElec   .          Harm     .    u - +0 cloak
rCorr   .          Rampage  .    (no gloves)
Will    .....                    z - +1 pair of boots
Stlth   +++                      (no amulet)
HPRegen 0.30/turn                (no ring)
MPRegen 0.15/turn                (no ring)

@: mighty, lightly drained
A: permanent stasis, dig shafts and tunnels, antennae 3, four strong arms
a: Dig, Shaft Self


You were on level 6 of the Dungeon.
You visited 1 branch of the dungeon, and saw 6 of its levels.

You collected 448 gold pieces.
You spent 130 gold pieces at shops.

Inventory:

Hand Weapons
 a - a +1 whip of venom
 b - a +0 whip of electrocution (weapon)
 v - a +1 dagger of draining
Missiles
 o - 2 throwing nets
Armour
 q - a +0 robe
 u - a +0 cloak (worn)
 x - a +1 robe of cold resistance (worn)
 z - a +1 pair of boots (worn)
 B - a +0 leather armour
Wands
 c - a wand of paralysis (4)
 y - a wand of polymorph (6)
Scrolls
 e - 2 scrolls of blinking
 f - 2 scrolls of torment
 h - 2 scrolls of enchant weapon
 i - 3 scrolls of noise {unknown}
 j - a scroll of magic mapping
 l - 2 scrolls of poison
 m - 3 scrolls of fog
 r - 3 scrolls of fear
 t - 2 scrolls of silence {unknown}
Potions
 d - 3 potions of curing
 g - a potion of might {unknown}
 k - 2 potions of flight {unknown}
 n - 2 potions of mutation {unknown}
 p - 2 potions of haste {unknown}
 s - 2 potions of attraction {unknown}
 w - 3 potions of heal wounds {unknown}
 A - a potion of ambrosia {unknown}
 C - a potion of brilliance {unknown}


   Skills:
 + Level 3.4 Fighting
 + Level 0.3 Short Blades
 + Level 4.9 Maces & Flails
 + Level 4.6 Dodging
 + Level 4.4 Stealth
 + Level 0.1 Unarmed Combat
 + Level 5.6 Spellcasting
 + Level 4.1 Transmutations
 + Level 1.5 Air Magic
 + Level 7.8 Poison Magic


You had 7 spell levels left.
You knew the following spells:

 Your Spells              Type           Power      Damage    Failure   Level
a - Sting                 Tmut/Pois      92%        1d7       1%          1
b - Poisonous Vapours     Pois/Air       38%        N/A       3%          2
c - Cigotuvi's Dreadful   Necr/Pois/Air  28%        N/A       6%          2
d - Olgreb's Toxic Radia  Pois           29%        N/A       5%          4
e - Mephitic Cloud        Conj/Pois/Air  14%        N/A       12%         3

Your spell library contained the following spells:

 Spells                   Type           Power      Damage    Failure   Level
 Magic Dart               Conj           16%        1d3       14%         1
 Call Imp                 Summ           4%         N/A       22%         2


Dungeon Overview and Level Annotations

Branches:
Dungeon (6/15)
 Temple: D:4-7

Altars:
Sif Muna

Shops:
D:3 *

Annotations:
D:6 Crazy Yiuf


Innate Abilities, Weirdness & Mutations

You cannot be hasted, slowed, berserked, paralysed or teleported.
You can dig through walls and to a lower floor.
You have a pair of large antennae on your head. (SInv)
Your four strong arms can wield two-handed weapons with a shield.


Message History

Crazy Yiuf barely misses you.
You hit Crazy Yiuf.
Crazy Yiuf is poisoned.
Crazy Yiuf is lightly wounded.
Crazy Yiuf barely misses you.
You closely miss Crazy Yiuf.
Crazy Yiuf is lightly wounded.
You hit Crazy Yiuf but do no damage.
Crazy Yiuf looks as sick as possible!
Crazy Yiuf is lightly wounded.
Crazy Yiuf grits, "You arga spinner!"
Crazy Yiuf hits you with a +3 quarterstaff of chaos!
Crazy Yiuf freezes you.
You barely miss Crazy Yiuf.
Crazy Yiuf is lightly wounded.
Crazy Yiuf grits, "Blight sizzlefizz cower!"
Crazy Yiuf hits you with a +3 quarterstaff of chaos!
You feel drained.
You barely miss Crazy Yiuf.
Crazy Yiuf is lightly wounded.
Crazy Yiuf hits you with a +3 quarterstaff of chaos.
Crazy Yiuf attacks as you move away!
Crazy Yiuf hits you with a +3 quarterstaff of chaos.
Crazy Yiuf burns you. Crazy Yiuf attacks as you move away!
Crazy Yiuf barely misses you. Crazy Yiuf attacks as you move away!
Crazy Yiuf barely misses you.
Your +1 whip of venom stops dripping with poison.
You hear the crackle of electricity.
b - a +0 whip of electrocution (weapon)
You hit Crazy Yiuf but do no damage.
Crazy Yiuf is severely wounded.
Crazy Yiuf hits you with a +3 quarterstaff of chaos!
* * * LOW HITPOINT WARNING * * *
You feel very mighty all of a sudden.
You completely miss Crazy Yiuf.
Crazy Yiuf is almost dead.
Crazy Yiuf hits you with a +3 quarterstaff of chaos.
* * * LOW HITPOINT WARNING * * *
You completely miss Crazy Yiuf.
Crazy Yiuf is almost dead.
Crazy Yiuf hits you with a +3 quarterstaff of chaos!
You die...

#######
♣♣♣♣♣########...... ###
♣♣♣g♣..........#.####
#...#♣..♣@.........###....
#...'.♣♣♣♣......###.#.##.#
#)..#♣♣ ♣♣..........##...
### ♣♣##.####....... #.#
##..#... #.# #..##.# ####
######.# #...... #..#
#.#.##.# ##.##.# #..#
#.#.##.# #.##..


You could see Crazy Yiuf (very poisoned).

Vanquished Creatures
  Pikel (D:5)
  Sigmund (D:6)
  Eustachio (D:4)
  Edmund (D:6)
  2 water moccasins
  A black bear (D:5)
  2 ogres
  A phantom (D:6)
  A kobold brigand (D:6)
  2 bullfrogs
  A necrophage (D:6)
  A scorpion (D:6)
  2 orc priests
  A jelly (D:6)
  2 hounds
  4 iguanas
  4 adders
  2 white imps
  A worm (D:5)
  3 dart slugs
  17 orcs
  9 endoplasms
  6 giant cockroaches
  3 goblins
  A hobgoblin (D:1)
  3 jackals (D:3)
  A quokka (D:3)
  6 ball pythons
  5 bats
  3 frilled lizards
  17 kobolds
  2 rats (D:3)
107 creatures vanquished.

Vanquished Creatures (others)
  3 plants (D:3)
3 creatures vanquished.

Grand Total: 110 creatures vanquished

Notes
Turn   | Place    | Note
-------+----------+-------------------------------------------
     0 | D:1      | Caestello the Formicid Venom Mage began the quest for the
                  | Orb.
     0 | D:1      | Reached XP level 1. HP: 13/13 MP: 3/3
   279 | D:1      | Reached XP level 2. HP: 13/19 MP: 0/5
   334 | D:1      | Learned a level 2 spell: Poisonous Vapours
   336 | D:1      | Noticed an eye of devastation
   337 | D:1      | Found a faded altar of an unknown god.
   350 | D:1      | Noticed an eye of devastation
   351 | D:1      | Noticed a floating eye
   351 | D:1      | Noticed a great orb of eyes
   656 | D:2      | Reached XP level 3. HP: 24/24 MP: 3/6
   974 | D:2      | Reached skill level 5 in Poison Magic
   974 | D:2      | Reached XP level 4. HP: 9/31 MP: 0/8
  1631 | D:3      | Reached XP level 5. HP: 36/36 MP: 6/9
  1719 | D:3      | Reached skill level 1 in Fighting
  1990 | D:3      | Found Ygoorewn's General Store.
  1993 | D:3      | Bought a scroll of poison for 52 gold pieces
  1993 | D:3      | Bought a potion of curing for 39 gold pieces
  1993 | D:3      | Bought a scroll of teleportation for 39 gold pieces
  2156 | D:3      | Learned a level 2 spell: Cigotuvi's Dreadful Rot
  2309 | D:4      | Noticed Eustachio
  2328 | D:4      | Killed Eustachio
  2329 | D:4      | Reached skill level 1 in Maces & Flails
  2329 | D:4      | Reached XP level 6. HP: 34/43 MP: 1/11
  2891 | D:4      | Reached XP level 7. HP: 42/48 MP: 13/13
  2893 | D:4      | Noticed Pikel
  2930 | D:4      | You fall into a shaft and drop 2 floors!
  3100 | D:6      | Reached skill level 6 in Poison Magic
  3339 | D:5      | Entered Level 5 of the Dungeon
  3584 | D:5      | HP: 2/50 [ogre/+0 giant spiked club (20)]
  3777 | D:5      | Reached XP level 8. HP: 41/56 MP: 11/14
  4008 | D:5      | Killed Pikel
  4009 | D:5      | Reached skill level 1 in Air Magic
  4316 | D:5      | Found a shimmering blue altar of Sif Muna.
  4400 | D:5      | Reached skill level 5 in Spellcasting
  4400 | D:5      | Reached XP level 9. HP: 52/62 MP: 14/16
  4408 | D:5      | Reached skill level 7 in Poison Magic
  5571 | D:6      | Noticed Edmund
  5597 | D:6      | Killed Edmund
  5609 | D:6      | Learned a level 4 spell: Olgreb's Toxic Radiance
  5613 | D:6      | Learned a level 3 spell: Mephitic Cloud
  5816 | D:6      | Noticed Sigmund
  5843 | D:6      | Killed Sigmund
  6111 | D:6      | Found a runed translucent door.
  6112 | D:6      | Noticed Crazy Yiuf
  6211 | D:6      | Slain by Crazy Yiuf

Illustrated notes

Levels and vault maps discovered:
D:1:      minmay_arrival_three_doors, layout_basic,
          hellmonk_ecumenical_altar_watching_god
D:2:      layout_loops_ring, hex_medium
D:3:      layout_rooms, serial_shops, shop, lexackson_kobold_supper
D:4:      nicolae_BIG_FREAKIN_CUBE, layout_loops_ring, uniq_eustachio,
          uniq_pikel
D:5:      layout_basic, led_sif_pool
D:6:      layout_loops_ring, uniq_crazy_yiuf_cottage, uniq_sigmund, uniq_edmund

Skill      XL: |  1  2  3  4  5  6  7  8  9 |
---------------+----------------------------+-----
Dodging        | 2 3 4 |  4.6
Spellcasting   | 3 4 5 |  5.6
Poison Magic   | 5 6 7 |  7.8
Fighting       | 1 2 3 |  3.4
Maces & Flails | 1 2 4 |  4.9
Stealth        | 3 4 |  4.4
Transmutations | 2 3 4 |  4.1
Air Magic      | 1 |  1.5
Short Blades   | |  0.3
Unarmed Combat | |  0.1

Action                     |  1- 3 |  4- 6 |  7- 9 || total
---------------------------+-------+-------+-------++-------
  Melee: Unarmed           |    16 |       |     1 ||    17
         Dagger            |     6 |       |       ||     6
         Whip              |       |    92 |   198 ||   290
         Punch             |       |     2 |     3 ||     5
   Cast: Sting             |    38 |    43 |    29 ||   110
         Poisonous Vapours |     1 |     5 |     7 ||    13
Ability: Shaft Self        |       |       |     1 ||     1
         Dig               |       |       |     1 ||     1
    Use: Potion            |     1 |       |       ||     1
         Scroll            |       |     4 |     4 ||     8
   Stab: Sleeping          |       |     3 |     3 ||     6
 Armour: Robe              |     9 |    27 |    35 ||    71
  Dodge: Dodged            |    20 |    61 |    98 ||   179

Table legend: (Time is in decaauts)
 A = Elapsed time spent in this place.
 B = Non-inter-level travel time spent in this place.
 C = Inter-level travel time spent in this place.
 D = Time resting spent in this place.
 E = Time spent auto-exploring this place.
 F = Levels seen in this place.
 G = Mean time per level.
                   A        B        C        D        E       F      G
               +--------+--------+--------+--------+--------+-----+--------+
         Total |   6190 |   5969 |    221 |    548 |   3978 |   6 | 1031.7 |
       Dungeon |   6190 |   5969 |    221 |    548 |   3978 |   6 | 1031.7 |
               +--------+--------+--------+--------+--------+-----+--------+

Top non-repeatable levels by time:
     D:6: 1446 daAuts
     D:5: 1387 daAuts
     D:4: 1126 daAuts
     D:2: 865 daAuts
     D:3: 739 daAuts
     D:1: 624 daAuts
